 Dungeon Crawl Stone Soup version 0.24-a0-123-ga2403f3 (webtiles) character file.

Game seed: 15191581792979356049

142 galech the Covered (level 5, 41/41 HPs)
             Began as a Demonspawn Fighter on Feb 20, 2019.
             Quit the game on level 3 of the Dungeon.
             The game lasted 00:02:37 (2393 turns).

galech the Covered (Demonspawn Fighter)             Turns: 2393, Time: 00:02:38

Health: 41/41      AC: 14    Str: 17    XL:     5   Next: 4%
Magic:  5/5        EV:  2    Int:  9    God:
Gold:   91         SH:  9    Dex: 13    Spells: 4/4 levels left

rFire    . . .     SeeInvis .   a - +0 war axe
rCold    . . .     Gourm    .   c - +0 shield
rNeg     . . .     Faith    .   l - +0 plate armour
rPois    .         Spirit   .   (no helmet)
rElec    .         Reflect  .   n - +0 cloak
rCorr    .         Harm     .   (no gloves)
MR       .....                  (no boots)
Stlth    ..........             (no amulet)
HPRegen  0.13/turn              (no ring)
MPRegen  0.09/turn              (no ring)

@: no status effects
A: claws 1, thin metallic scales 1, nightstalker 1, powered by pain 1
a: no special abilities


You were on level 3 of the Dungeon.
You were not hungry.

You visited 1 branch of the dungeon, and saw 3 of its levels.

You collected 91 gold pieces.

Inventory:

Hand Weapons
 a - a +0 war axe (weapon)
Armour
 c - a +0 shield (worn)
 l - a +0 plate armour (worn)
 n - a +0 cloak (worn)
Scrolls
 e - a scroll of fear
 g - 2 scrolls of remove curse
 h - 2 scrolls of teleportation
 k - a scroll of enchant armour
 m - 2 scrolls of identify
 q - a scroll of blinking {unknown}
 r - a scroll of immolation {unknown}
 s - a scroll of enchant weapon {unknown}
Potions
 b - a potion of heal wounds {unknown}
 d - a potion of might
 i - a potion of invisibility {unknown}
 j - 2 potions of mutation {unknown}
 o - a potion of ambrosia {unknown}
Comestibles
 f - 5 rations
 p - 7 chunks of flesh


   Skills:
 + Level 3.4 Fighting
 + Level 3.1 Axes
 + Level 3.5 Armour
 + Level 0.1 Dodging
 + Level 3.4 Shields


You had 4 spell levels left.
You didn't know any spells.
Your spell library was empty.

Dungeon Overview and Level Annotations

Branches:
Dungeon (3/15)

Altars:
Gozag


Innate Abilities, Weirdness & Mutations

You have sharp fingernails.
You are partially covered in thin metallic scales. (AC +2)
You are slightly more attuned to the shadows.
You sometimes gain a little power by taking damage.


Message History

No target in view!
No target in view!
No target in view!
No target in view!
No target in view!
No target in view!
Things that are here:
a +0 hand axe; 19 stones; an orc corpse You butcher the orc corpse.
p - 7 chunks of flesh (gained 3)
Things that are here:
a +0 hand axe; 19 stones; an orc skeleton
Things that are here:
a +0 club; 3 stones; a +0 club There isn't anything to butcher here.
You now have 91 gold pieces (gained 15).
Things that are here:
a +0 whip; a +0 chain mail There isn't anything to butcher here.
Are you sure you want to abandon this character and quit the game? (Confirm with "yes".)

#.....# #.##.
######.....# #.##.
.........### #.##.
#####...# #....
#...######.#.. .##
#.........>...
....#######...###†#..#..
..%(..).)(...........#..
......)@.............##.
...#....................
.. ########.........###.
#...###....... #...#
#######. #...# ## ...#


There were no monsters in sight!

Vanquished Creatures
  A centaur skeleton (D:3)
  3 adders
  An ooze (D:3)
  A worm (D:2)
  2 dart slugs
  6 leopard geckos
  4 orcs (D:3)
  A ball python (D:1)
  3 giant cockroaches
  3 goblins (D:1)
  7 hobgoblins
  2 jackals (D:2)
  10 kobolds
  A quokka (D:3)
  7 bats
  6 frilled lizards
  5 rats
63 creatures vanquished.

Notes
Turn   | Place    | Note
-------+----------+-------------------------------------------
     0 | D:1      | galech the Demonspawn Fighter began the quest for the Orb.
     0 | D:1      | Reached XP level 1. HP: 18/18 MP: 1/1
   266 | D:1      | Gained mutation: You have sharp fingernails. [demonic
                  | ancestry]
   266 | D:1      | Reached XP level 2. HP: 23/24 MP: 2/2
   776 | D:2      | Gained mutation: You sometimes gain a little power by
                  | taking damage. [demonic ancestry]
   776 | D:2      | Reached XP level 3. HP: 28/29 MP: 3/3
   806 | D:2      | Found a faded altar of an unknown god.
  1953 | D:2      | Gained mutation: You are partially covered in thin metallic
                  | scales. (AC +2) [demonic ancestry]
  1953 | D:2      | Reached XP level 4. HP: 34/35 MP: 4/4
  2195 | D:3      | Found an opulent altar of Gozag.
  2375 | D:3      | Gained mutation: You are slightly more attuned to the
                  | shadows. [demonic ancestry]
  2375 | D:3      | Reached XP level 5. HP: 41/41 MP: 5/5
  2393 | D:3      | Quit the game

Levels and vault maps discovered:
D:1:      dpeg_arrival_prison, layout_loops_ring, minmay_liquid_box
D:2:      layout_loops_corners, chequers_ecumenical_altar_island,
          grunt_ministairs_9
D:3:      layout_loops_cross, first_ration, grunt_gozag_statues

Skill      XL: |  1  2  3  4 |
---------------+-------------+-----
Axes           | 2 3 |  3.1
Armour         | 3 |  3.5
Shields        | 3 |  3.4
Fighting       | |  3.4
Dodging        | |  0.1

Action                   |  1- 3 |  4- 6 || total
-------------------------+-------+-------++-------
Melee: War axe           |   312 |    92 ||   404
  Use: Scroll            |     4 |       ||     4
  Eat: Chunk             |     2 |     1 ||     3
       Ration            |     1 |       ||     1
Armor: Chain mail        |    37 |       ||    37
       Scale mail        |     6 |       ||     6
       Plate armour      |   200 |    90 ||   290
Dodge: Dodged            |    33 |    13 ||    46
Block: Shield            |   185 |    54 ||   239

Table legend:
 A = Non-vault XP
 B = Vault XP
 C = Vault XP percentage of total XP
 D = Non-vault monster count
 E = Vault monster count
 F = Vault count percentage of total count
                 A         B        C        D         E       F
            +---------+---------+-------+---------+---------+-------
      Total |     195 |       9 |   4.4 |      58 |       5 |   7.9
            +---------+---------+-------+---------+---------+-------
        D:1 |      31 |       4 |  11.4 |      17 |       3 |  15.0
        D:2 |      60 |       5 |   7.7 |      20 |       2 |   9.1
        D:3 |     104 |       0 |   0.0 |      21 |       0 |   0.0
            +---------+---------+-------+---------+---------+-------
